AoeStats
← CrappyMike87

Black Forest

508556455Analyzed
4v4 RM · 10d ago on Sep 23, 2026· 83m 36s· 8 players
Game mode
Random Map
Map size
Large (8 player)
Population
200
Speed
Normal
Resources
Standard
Victory
Conquest
Starting age
Dark Age
Ending age
Imperial Age
RankedLock teamsTeams togetherTeam positionsShared explorationLock speedFull tech treeHidden civsTurbo modeCheats
Victory
Defeat
🇺🇸 Burgundians · United States
509
+18
🇺🇸 Saracens · United States
451
+20
🇺🇸 Spanish · United States
421
+22
🇺🇸 Celts · United States
414
+22
🇵🇪 Inca · Peru
741
-28
🇦🇷 Vikings · Argentina
588
-22
🇲🇽 Bohemians · Mexico
487
-18
🇧🇷 Gurjaras · Brazil
391
-14
Munchen
1:03 Loom
13:35 Feudal Age
16:29 Double-Bit Axe
26:39 Castle Age
28:02 Wheelbarrow
27:33 Horse Collar
29:08 Heavy Plow
29:16 Town Watch
31:48 Forging
31:39 Scale Mail Armor
39:08 Imperial Age
38:23 Iron Casting
38:04 Chain Mail Armor
37:55 Scale Barding Armor
40:35 Hand Cart
41:05 Gold Mining
41:05 Stone Mining
42:00 Heavy Camel Rider
43:55 Chain Barding Armor
48:37 Plate Mail Armor
51:13 Frontier Guards
54:24 Plate Barding Armor
55:12 Elite Shrivamsha Rider
60:20 Elite Chakram Thrower
64:44 Gold Shaft Mining
63:51 Light Cavalry
64:42 Bloodlines
66:37 Hussar
Nefilin305EDMN
15:35 Feudal Age
16:42 Horse Collar
16:50 Double-Bit Axe
23:14 Castle Age
21:19 Scale Mail Armor
21:29 Forging
21:10 Fletching
21:20 Padded Archer Armor
24:29 Coinage
24:11 Heavy Plow
24:24 Bow Saw
28:02 Iron Casting
27:43 Chain Mail Armor
27:24 Bodkin Arrow
27:44 Leather Archer Armor
30:36 Wheelbarrow
30:48 Fervor
30:45 Caravan
31:51 Hand Cart
36:40 Imperial Age
35:27 Chemistry
34:47 Ballistics
38:34 Two-Man Saw
38:10 Plate Mail Armor
38:40 Blast Furnace
37:40 Bracer
38:11 Ring Archer Armor
39:13 Loom
39:45 Masonry
39:41 Siege Engineers
39:32 Murder Holes
39:48 Fortified Wall
39:12 Elite Hussite Wagon
40:15 Squires
39:36 Pikeman
40:04 Arson
41:24 Banking
42:02 Conscription
41:51 Wagenburg Tactics
42:30 Architecture
44:20 Hussite Reforms
45:50 Redemption
45:45 Atonement
46:15 Sanctity
46:36 Illumination
46:28 Block Printing
46:45 Heresy
46:13 Houfnice
55:37 Bombard Tower
55:09 Guard Tower
55:07 Arrowslits
OFLOCA
14:48 Feudal Age
13:04 Loom
15:16 Double-Bit Axe
15:31 Horse Collar
21:21 Stone Mining
25:05 Castle Age
25:28 Gold Mining
28:23 Heavy Plow
32:07 Forging
31:58 Scale Mail Armor
35:29 Imperial Age
37:50 Gold Shaft Mining
37:45 Bow Saw
39:33 Crop Rotation
40:48 Ballistics
41:30 Chemistry
41:27 Caravan
43:02 Two-Man Saw
42:58 Hoardings
43:17 Iron Casting
42:35 Fletching
42:52 Sappers
43:47 Heavy Scorpion
47:15 Chain Mail Armor
48:01 Blast Furnace
46:57 Bodkin Arrow
47:03 Padded Archer Armor
47:24 Elite Berserk
51:13 Bogsveigar
53:32 Heated Shot
53:23 Treadmill Crane
53:54 Masonry
58:22 Architecture
57:40 Arrowslits
61:08 Coinage
Felix
12:01 Feudal Age
12:49 Double-Bit Axe
13:41 Wheelbarrow
22:46 Castle Age
21:02 Champi Runner
29:56 Pikeman
30:50 Gold Mining
33:13 Forging
38:46 Imperial Age
38:39 Fortified Wall
39:09 Capped Ram
41:59 Champi Warrior
42:49 Scale Mail Armor
43:25 Iron Casting
46:11 Horse Collar
48:51 Chemistry
49:30 Blast Furnace
48:47 Chain Mail Armor
66:42 Ballistics
66:17 Elite Champi Warrior
68:00 Fletching
AgentVENM300
0:29 Loom
14:13 Feudal Age
16:41 Horse Collar
18:20 Double-Bit Axe
20:26 Wheelbarrow
19:41 Town Watch
20:33 Gold Mining
20:59 Stone Mining
22:02 Man-at-Arms
26:34 Arson
33:56 Castle Age
34:59 Hand Cart
34:46 Town Patrol
35:08 Heavy Plow
35:25 Bow Saw
34:57 Light Cavalry
35:58 Elite Skirmisher
36:03 Long Swordsman
36:05 Pikeman
36:46 Squires
36:33 Gambesons
37:22 Bloodlines
37:13 Husbandry
37:25 Caravan
39:45 Stone Shaft Mining
41:27 Thumb Ring
43:02 Ballistics
44:38 Inquisition
50:26 Imperial Age
48:52 Scale Barding Armor
48:58 Forging
48:49 Scale Mail Armor
48:50 Padded Archer Armor
48:41 Fletching
50:24 Chain Barding Armor
52:58 Chemistry
51:57 Murder Holes
53:37 Conscription
53:54 Hoardings
54:08 Elite Conquistador
55:10 Supremacy
56:45 Two-Handed Swordsman
56:46 Halberdier
61:43 Plate Barding Armor
61:26 Leather Archer Armor
65:17 Two-Man Saw
66:43 Coinage
67:03 Bodkin Arrow
67:39 Ring Archer Armor
67:26 Chain Mail Armor
67:46 Iron Casting
68:36 Guilds
70:27 Plate Mail Armor
70:44 Bracer
71:53 Heavy Mounted Crossbowman
73:17 Champion
76:47 Blast Furnace
75:16 Hussar
77:05 Cavalier
78:22 Banking
78:57 Paladin
CrappyMike87
0:28 Loom
15:17 Feudal Age
17:52 Wheelbarrow
17:21 Double-Bit Axe
18:37 Town Watch
21:05 Castle Age
21:05 Stone Mining
28:57 Hand Cart
31:29 Bow Saw
31:48 Gold Mining
31:41 Horse Collar
33:56 Gold Shaft Mining
35:17 Caravan
39:55 Imperial Age
37:56 Squires
37:41 Gambesons
37:42 Arson
37:30 Elite Skirmisher
38:18 Thumb Ring
42:13 Conscription
41:18 Capped Ram
42:27 Onager
42:44 Pikeman
42:45 Man-at-Arms
43:49 Ballistics
43:40 Masonry
43:41 Fortified Wall
44:31 Chemistry
43:17 Arrowslits
43:41 Siege Engineers
46:03 Town Patrol
45:47 Long Swordsman
48:24 Parthian Tactics
49:16 Siege Onager
50:13 Two-Handed Swordsman
52:59 Counterweights
54:57 Champion
56:12 Forging
56:03 Scale Mail Armor
56:09 Scale Barding Armor
55:55 Fletching
56:06 Padded Archer Armor
58:38 Two-Man Saw
58:26 Iron Casting
58:15 Chain Mail Armor
61:05 Husbandry
61:20 Bloodlines
60:35 Light Cavalry
63:56 Heavy Camel Rider
75:59 Blast Furnace
76:43 Hussar
78:22 Chain Barding Armor
79:57 Siege Ram
FredDaddy
1:06 Loom
15:40 Feudal Age
19:16 Wheelbarrow
18:41 Double-Bit Axe
20:16 Horse Collar
23:20 Gold Mining
24:31 Stone Mining
27:53 Castle Age
29:43 Bow Saw
31:39 Hand Cart
34:02 Caravan
37:58 Imperial Age
40:02 Furor Celtica
40:32 Conscription
43:22 Onager
45:54 Onager
46:14 Heavy Scorpion
48:09 Pikeman
52:56 Siege Onager
56:11 Scale Mail Armor
74:52 Elite Woad Raider
76:00 Chain Mail Armor
75:59 Forging
75:51 Padded Archer Armor
76:40 Stronghold
Schweats87
0:45 Loom
14:06 Feudal Age
13:25 Double-Bit Axe
14:57 Wheelbarrow
15:29 Horse Collar
15:43 Gold Mining
18:19 Heavy Plow
25:24 Castle Age
24:46 Gold Shaft Mining
24:25 Bow Saw
25:29 Elite Skirmisher
27:39 Scale Mail Armor
27:30 Fletching
27:51 Forging
28:32 Pikeman
30:02 Squires
31:24 Stone Mining
32:38 Two-Man Saw
32:30 Bodkin Arrow
32:51 Chain Mail Armor
33:12 Iron Casting
33:47 Fortified Wall
35:55 Stone Shaft Mining
36:56 Hand Cart
37:31 Crop Rotation
41:27 Burgundian Vineyards
42:51 Ballistics
48:46 Imperial Age
47:16 Caravan
53:04 Chemistry
52:18 Masonry
53:16 Blast Furnace
52:18 Bracer
52:50 Plate Mail Armor
54:34 Halberdier
55:02 Arson
56:59 Architecture
56:42 Careening
56:30 Murder Holes
57:47 Elite Coustillier
60:44 Hoardings
61:04 Scale Barding Armor
60:30 Cavalier
61:12 Husbandry
63:29 Paladin
64:39 Chain Barding Armor
69:18 Conscription
69:43 Plate Barding Armor
69:13 Padded Archer Armor
75:29 Leather Archer Armor
79:43 Town Watch
Connection lost

Rejoining the realm…

Still unreachable

The connection could not be restored.

Session expired

The server has moved on; the page needs a fresh start.